 Dungeon Crawl Stone Soup version 0.21.1-1-g345015f (webtiles) character file.

2903 nulman the Poker (level 9, -2/78 HPs)
             Began as a Hill Orc Fighter on June 9, 2018.
             Was a Follower of Beogh.
             Slain by a wyvern skeleton (7 damage)
             ... on level 8 of the Dungeon.
             The game lasted 01:25:04 (8788 turns).

nulman the Poker (Hill Orc Fighter)                 Turns: 8788, Time: 01:25:04

Health: -2/78      AC: 13    Str: 24 (27) XL:     9   Next: 78%
Magic:  9/9        EV: 10    Int:  3 (8)  God:    Beogh [*.....]
Gold:   336        SH: 11    Dex:  9 (10) Spells: 8/8 levels left

rFire    . . .     SeeInvis .   s - +0 spear (chaos)
rCold    . . .     Gourm    .   c - +0 shield
rNeg     . . .     Faith    .   i - +0 chain mail
rPois    .         Spirit   .   (helmet restricted)
rElec    .         Reflect  .   y - +2 cloak {+Inv}
rCorr    +         Harm     .   N - +0 pair of gloves
MR       .....                  r - +0 pair of boots (curse)
Stlth    ..........             (no amulet)
HPRegen  0.23/turn              B - ring of resist corrosion
MPRegen  0.11/turn              H - +2 ring of evasion

@: mighty, corroded, very slightly contaminated, invisible
A: horns 1, deterioration 1, shaggy fur 1, wild magic 1
a: Renounce Religion


You were on level 8 of the Dungeon.
You worshipped Beogh.
Beogh was aware of your devotion.
You were not hungry.

You visited 2 branches of the dungeon, and saw 10 of its levels.

You collected 336 gold pieces.

Inventory:

Hand Weapons
 a - a +0 war axe
 b - a +0 dagger of draining
 n - a +3 short sword
 s - a +0 spear of chaos (weapon)
 t - a +0 club of chaos
 u - a +0 dagger of chaos
 z - a +1 mace of distortion
 Q - a +0 shortbow
Missiles
 h - 286 stones
 m - 24 poisoned needles
 v - 12 tomahawks (quivered)
 C - 24 bolts
 D - 73 arrows
Armour
 c - a +0 shield (worn)
 i - a +0 chain mail (worn)
 k - a +0 helmet
 r - a cursed +0 pair of boots (worn)
 y - a +2 cloak of invisibility (worn)
 F - a +0 robe of magic resistance
 N - a +0 pair of gloves (worn)
 P - the +2 leather armour "Unuwn" {rN+ Int+4}
   (You found it on level 6 of the Dungeon)

   It affects your intelligence (+4).
   It protects you from negative energy.
Jewellery
 B - a ring of resist corrosion (left hand)
 H - a +2 ring of evasion (right hand)
 L - an uncursed ring of wizardry
 M - an uncursed ring of see invisible
Wands
 T - a wand of flame (1)
 W - a wand of disintegration (4)
Scrolls
 e - 4 scrolls of teleportation
 g - a scroll of enchant weapon {unknown}
 j - 6 scrolls of identify
 l - a scroll of amnesia {unknown}
 o - 3 scrolls of remove curse
 p - a scroll of noise {unknown}
 q - 4 scrolls of fear
 O - a scroll of random uselessness {unknown}
 R - 3 scrolls of blinking {unknown}
 S - a scroll of enchant armour {unknown}
 X - a scroll of immolation {unknown}
Potions
 w - a potion of haste
 E - a potion of flight
 J - a potion of magic
 K - a potion of mutation
Comestibles
 f - 10 rations


   Skills:
 + Level 6.4 Fighting
 - Level 3.9(7.2) Axes
 + Level 7.9(8.2) Polearms
 + Level 7.9 Armour
 + Level 2.5 Dodging
 + Level 7.7 Shields
 + Level 0.2 Evocations


You had 8 spell levels left.
You didn't know any spells.

Dungeon Overview and Level Annotations

Branches:
Dungeon (9/15)             Temple (1/1) D:7
   Lair: D:8-11         Orc: D:9-12

Altars:
Ashenzari
Cheibriados
Dithmenos
Elyvilon
Fedhas
Gozag
Hepliaklqana
Kikubaaqudgha
Makhleb
Nemelex Xobeh
Okawaru
Qazlal
Ru
Trog
Vehumet
Wu Jian
Xom
Yredelemnul
Zin
The Shining One


Innate Abilities, Weirdness & Mutations

You have a pair of small horns on your head.
Your body sometimes deteriorates upon taking damage.
You are covered in fur. (AC +1)
Your spells are a little harder to cast, but a little more powerful.


Message History

The swamp drake roars!
You closely miss the swamp drake.
Your attack snaps the swamp drake out of its fear.
You kill the swamp drake!
Beogh accepts your kill.
The water moccasin returns to its original shape as it dies.
You choke on the stench!
You are more confused.
* * * LOW HITPOINT WARNING * * *
The wyvern skeleton bites you!
* * * LOW HITPOINT WARNING * * *
Your body deteriorates!
You feel dopey.
Okay, then.
You're too confused!
You feel very mighty all of a sudden.
The wyvern skeleton completely misses you.
You feel less confused. You block the wyvern skeleton's attack.
The wyvern skeleton bites you!
You die...

#..............# #.#
#.........###.####
#.#
###.................
#.#
#...........###.###>
#.# #.###..###..#
#.# #. #.# #.#
#.......# #.# #<
#####.#
#.####.###.## #.# #[
####.....###..###.#
#.# #.# #)
#.J)[..†.....Z@...#
.# #.# #(
#o)##.........###.#
#.# #.
#$#§####...#### #.#
#.# .. #§


#JZ ##### #.# ... #. Jo.. ..# .... .. .#... ..# .#.## .. .. ## ..# ..#. #.# .#
## .. ## #. .# You could see a wyvern skeleton.

Vanquished Creatures
  A cyclops (D:8)
  A slime creature (D:8)
  Eustachio (D:5)
  An acid dragon (D:6)
  A swamp drake (D:8)
  An ice beast (D:6)
  3 ogres
  A centaur (D:6)
  A phantom (D:6)
  A big kobold (D:8)
  A bullfrog (D:7)
  A water moccasin zombie (D:7)
  6 killer bees (D:8)
  A howler monkey (D:6)
  3 crimson imps
  6 orc wizards
  Crazy Yiuf (D:2)
  11 hounds
  A jelly (D:6)
  2 orc priests
  2 bullfrog skeletons
  Jessica (D:3)
  A worker ant (D:6)
  The ghost of Iko the Skirmisher, a weakling DsMo (D:3)
  A hound skeleton (D:8)
  A worker ant zombie (D:7)
  6 adders
  3 gnolls (D:2)
  An adder skeleton (D:4)
  2 dart slugs
  5 leopard geckos
  21 orcs
  10 bats
  4 giant cockroaches
  11 hobgoblins
  18 jackals
  A quokka (shapeshifter) (D:5)
  3 quokkas
  A ball python (D:3)
  3 frilled lizards
  8 goblins
  A jackal skeleton (D:5)
  14 kobolds
  7 rats
171 creatures vanquished.

Vanquished Creatures (others)
  A worker ant (D:6)
  A worker ant zombie (D:5)
2 creatures vanquished.

Grand Total: 173 creatures vanquished

Notes
Turn   | Place    | Note
-------+----------+-------------------------------------------
     0 | D:1      | nulman the Hill Orc Fighter began the quest for the Orb.
     0 | D:1      | Reached XP level 1. HP: 19/19 MP: 1/1
   360 | D:1      | Reached XP level 2. HP: 27/27 MP: 2/2
  1086 | D:2      | Reached XP level 3. HP: 33/33 MP: 3/3
  1276 | D:2      | Reached XP level 4. HP: 32/40 MP: 4/4
  1574 | D:2      | Found a shimmering altar of Xom.
  1933 | D:2      | Found a runed door.
  1937 | D:2      | Noticed Crazy Yiuf
  1953 | D:2      | Killed Crazy Yiuf
  2646 | D:3      | Found a faded altar of an unknown god.
  2675 | D:3      | Noticed an ogre
  2702 | D:3      | Killed an ogre
  2702 | D:3      | Reached skill level 1 in Polearms
  2702 | D:3      | Reached XP level 5. HP: 31/46 MP: 5/5
  2816 | D:3      | Noticed Jessica
  2825 | D:3      | Killed Jessica
  2838 | D:3      | Found a glowing silver altar of Zin.
  2838 | D:3      | Found a glowing golden altar of the Shining One.
  2838 | D:3      | Found a white marble altar of Elyvilon.
  2919 | D:3      | Reached XP level 6. HP: 46/53 MP: 6/6
  3127 | D:3      | Found an ornate altar of the Wu Jian Council.
  3139 | D:3      | Reached skill level 5 in Armour
  3322 | D:3      | Noticed Iko's ghost (weakling DsMo)
  3334 | D:3      | Killed Iko's ghost
  3699 | D:4      | Reached skill level 1 in Dodging
  3719 | D:4      | Reached skill level 5 in Shields
  3833 | D:5      | Entered Level 5 of the Dungeon
  3927 | D:5      | Reached XP level 7. HP: 56/60 MP: 7/7
  4220 | D:5      | Found a shadowy altar of Dithmenos.
  4220 | D:5      | Found an ancient bone altar of Kikubaaqudgha.
  4384 | D:5      | Became a worshipper of Beogh the Brigand
  4485 | D:5      | Noticed Eustachio
  4519 | D:5      | Killed Eustachio
  4519 | D:5      | Reached skill level 5 in Fighting
  5348 | D:6      | Reached XP level 8. HP: 68/68 MP: 8/8
  5455 | D:6      | Reached skill level 5 in Polearms
  5468 | D:7      | Found a stormy altar of Qazlal.
  5638 | D:6      | Got an ichor-stained leather armour
  5649 | D:6      | Identified the +2 leather armour "Unuwn" {rN+ Int+4} (You found it on level 6 of the Dungeon)
  6276 | D:6      | Reached * piety under Beogh
  7088 | D:7      | Found a staircase to the Ecumenical Temple.
  7111 | Temple   | Entered the Ecumenical Temple
  7798 | D:7      | Found a burning altar of Makhleb.
  7798 | D:7      | Found a radiant altar of Vehumet.
  7980 | D:8      | Reached XP level 9. HP: 75/75 MP: 9/9
  8708 | D:8      | Noticed a cyclops
  8717 | D:8      | Killed a cyclops
  8770 | D:8      | Gained mutation: You are covered in fur. (AC +1) [potion of mutation]
  8770 | D:8      | Gained mutation: Your body sometimes deteriorates upon taking damage. [potion of mutation]
  8770 | D:8      | Gained mutation: Your spells are a little harder to cast, but a little more powerful. [potion of mutation]
  8770 | D:8      | Gained mutation: You have a pair of small horns on your head. [potion of mutation]
  8788 | D:8      | Slain by a wyvern skeleton

Skill      XL: |  1  2  3  4  5  6  7  8  9 |
---------------+----------------------------+-----
Axes           | 3 |  3.9
Fighting       | 4 5 6 |  6.4
Armour         | 4 5 6 7 |  7.9
Polearms       | 1 2 3 4 6 7 |  7.9
Shields        | 4 5 6 7 |  7.7
Dodging        | 1 2 |  2.5
Evocations     | |  0.2

Action                   |  1- 3 |  4- 6 |  7- 9 || total
-------------------------+-------+-------+-------++-------
Melee: War axe           |    65 |    20 |       ||    85
       Spear             |       |   259 |   624 ||   883
       Headbutt          |       |       |     1 ||     1
Throw: Stone             |       |     1 |       ||     1
       Tomahawk          |       |     4 |     3 ||     7
Invok: Convert to Beogh  |       |       |     1 ||     1
Evoke: Wand              |       |       |     1 ||     1
  Use: Scroll            |       |     3 |     2 ||     5
       Potion            |       |       |    11 ||    11
 Stab: Petrified         |       |     3 |     3 ||     6
       Paralysed         |       |     2 |    15 ||    17
       Confused          |       |       |     4 ||     4
  Eat: Chunk             |     1 |     6 |     9 ||    16
       Ration            |       |     1 |     2 ||     3
Armor: Scale mail        |     8 |       |       ||     8
       Chain mail        |    60 |   135 |   274 ||   469
Dodge: Dodged            |    13 |    47 |   152 ||   212
Block: Shield            |    39 |   119 |   231 ||   389
